 Dungeon Crawl Stone Soup version 0.27-a0-1324-ge0d8e047f6 (webtiles) character file.

Game seed: 803709731661498261

5597 HAL9000 the Covert (level 10, -11/46 HPs)
             Began as a Vine Stalker Brigand on June 23, 2021.
             Was a Follower of Dithmenos.
             Mangled by a phantasmal warrior (18 damage)
             ... led by a death knight
             ... on level 8 of the Dungeon.
             The game lasted 00:21:20 (7362 turns).

HAL9000 the Covert (Vine Stalker Brigand)           Turns: 7362, Time: 00:21:21

Health: -11/46     AC: 11    Str: 18    XL:     10   Next: 73%
Magic:  0/15       EV: 11    Int: 17    God:    Dithmenos [*.....]
Gold:   621        SH:  0    Dex: 15    Spells: 2/15 levels left

rFire    . . .     SeeInvis .   y - +2 dagger (venom)
rCold    . . .     Faith    .   (no shield)
rNeg     . . .     Spirit   +   A - +0 steam dragon scales
rPois    .         Reflect  .   (no helmet)
rElec    .         Harm     .   c - +0 cloak
rCorr    .         Rampage  .   (no gloves)
Will     .....                  z - +0 pair of boots
Stlth    ++++++....             (no amulet)
HPRegen  1.15/turn              I - +4 ring of protection
MPRegen  0.14/turn              q - +6 ring of intelligence

@: weak-willed, wreathed by umbra
A: fangs 3, regeneration 1, magic shield, antimagic bite, no potion heal 2
a: Renounce Religion


You were on level 8 of the Dungeon.
You worshipped Dithmenos.
Dithmenos was aware of your devotion.
You visited 2 branches of the dungeon, and saw 9 of its levels.

You collected 621 gold pieces.

Inventory:

Hand Weapons
 a - a +2 dagger
 b - a +3 vampiric dagger
 i - a +1 dagger of flaming
 y - a +2 dagger of venom (weapon)
Missiles
 d - 25 poisoned darts
 h - 4 javelins
 r - a throwing net
 w - 5 datura-tipped darts (quivered)
 K - 11 boomerangs
Armour
 c - a +0 cloak (worn)
 z - a +0 pair of boots (worn)
 A - +0 steam dragon scales (worn)
Jewellery
 q - a +6 ring of intelligence (right hand)
 B - a ring of poison resistance
 I - a +4 ring of protection (left hand)
 J - a ring of flight
 N - a ring of fire
Scrolls
 l - a scroll of brand weapon {unknown}
 m - a scroll of summoning {unknown}
 n - 2 scrolls of fear {unknown}
 o - 2 scrolls of teleportation {unknown}
 p - a scroll of immolation {unknown}
 s - 2 scrolls of fog
 t - a scroll of blinking {unknown}
 v - a scroll of enchant weapon {unknown}
 x - 2 scrolls of silence {unknown}
 C - a scroll of holy word {unknown}
 D - a scroll of amnesia {unknown}
 F - 2 scrolls of magic mapping {unknown}
 H - 2 scrolls of enchant armour {unknown}
 L - a scroll of vulnerability {unknown}
Potions
 f - a potion of curing
 g - a potion of haste {unknown}
 j - 2 potions of lignification
 k - a potion of attraction
 u - a potion of berserk rage {unknown}
 E - a potion of experience {unknown}
 G - a potion of brilliance {unknown}
 M - a potion of might {unknown}


   Skills:
 - Level 1.7 Fighting
 - Level 9.1 Short Blades
 - Level 1.7 Throwing
 - Level 0.7 Dodging
 - Level 13.1 Stealth
 + Level 3.3 Spellcasting
 + Level 6.6 Necromancy


You had 2 spell levels left.
You knew the following spells:

 Your Spells              Type           Power      Damage    Failure   Level
a - Vampiric Draining     Necr           12%        2d7       3%          3
b - Animate Dead          Necr           12%        N/A       11%         4
c - Pain                  Necr           100%       1d9       1%          1
d - Agony                 Necr           25%        N/A       30%         5

Your spell library contained the following spells:

 Spells                   Type           Power      Damage    Failure   Level
 Animate Skeleton         Necr           50%        N/A       1%          1
 Haunt                    Necr/Summ      7%         N/A       100%        7
 Malign Gateway           Summ/Tloc      1%         N/A       100%        7
 Monstrous Menagerie      Summ           1%         N/A       100%        7
 Summon Horrible Things   Summ           1%         N/A       100%        8


Dungeon Overview and Level Annotations

Branches:
Dungeon (8/15)             Temple (1/1) D:6
   Lair: D:8-11

Altars:
Ashenzari
Cheibriados
Dithmenos
Elyvilon
Fedhas
Gozag
Hepliaklqana
Kikubaaqudgha
Makhleb
Nemelex Xobeh
Okawaru
Qazlal
Ru
Sif Muna
Trog
Uskayaw
Vehumet
Wu Jian
Xom
Yredelemnul
Zin
The Shining One

Annotations:
D:6 1 runed translucent door, MacCMillion's ghost, novice DrVM
D:8 ZHABA


Innate Abilities, Weirdness & Mutations

You have razor-sharp teeth.
Your natural rate of healing is unusually fast.
When hurt, damage is shared between your health and your magic reserves.
Your bite disrupts and absorbs the magic of your enemies.
Potions cannot restore your health.


Message History

The phantasmal warrior blinks!
The phantasmal warrior blinks!
The death knight reflects your damage back at you!
The phantasmal warrior blinks!
Something reflects your damage back at you!
The phantasmal warrior blinks!
Throw: dart (curare)
Press: ? - help, Q - select action, (/) - cycle Shift-Dir - straight line, f - death knight
Aim: a death knight, wielding a +0 battleaxe and wearing a +0 chain mail (moderately wounded, reflecting injuries, very poisoned, 57% to hit)
You throw a curare-tipped dart.
The curare-tipped dart barely misses the death knight.
The curare-tipped dart hits the phantasmal warrior.
The death knight's dark mirror aura disappears.
The death knight calls down the wrath of Yredelemnul upon you.
You barely resist.
Throw: 6 darts (datura)
Press: ? - help, Q - select action, (/) - cycle Shift-Dir - straight line, f/p - death knight
Aim: a death knight, wielding a +0 battleaxe and wearing a +0 chain mail (moderately wounded, very poisoned, 57% to hit, chance to frenzy on hit: 44%)
You throw a datura-tipped dart.
The datura-tipped dart hits the death knight.
The death knight flies into a frenzy!
The death knight is moderately wounded.
The death knight hits the phantasmal warrior with a +0 battleaxe!!
The phantasmal warrior blinks!
The phantasmal warrior blinks!
The death knight barely misses you.
The death knight refuses to make way for you. (Use ctrl+direction or * direction to attack.) Unknown command.
As you read the scroll of fog, it crumbles to dust.
The scroll dissolves into smoke.
The death knight misses you. The phantasmal warrior hits you.
Unknown command.
The death knight refuses to make way for you. (Use ctrl+direction or * direction to attack.) Unknown command.
You hit the phantasmal warrior but do no damage.
You bite the phantasmal warrior, but do no damage.
The phantasmal warrior is moderately damaged.
The death knight hits you with a +0 battleaxe!!
* * * LOW HITPOINT WARNING * * *
The phantasmal warrior hits you!!
You die...

#.####.###.#...#W§.#..#
###.####.....#...#####..#>
#..>.........'...+......##
#.....########...#........
#....)# #...#......##
#....p# ###...#......#
#.....# #......#.#####
#.....######......#..#####
###..(§§p@W§§.....'.......
##########......##..#...
#......###.#.## #(.....#
#.#.#. #......# #.#.#.
#......# #.#.#. #......#
#...#. #......# ##..#.
#......# #..##


You could see a phantasmal warrior and a neutral death knight (fast, strong,
insane, very poisoned).

Vanquished Creatures
  A skeletal warrior (D:8)
  Pikel (D:7)
  A deep elf pyromancer (D:6)
  Grinder (D:3)
  A hornet (D:8)
  2 wraiths (D:8)
  2 steam dragons (D:7)
  Menkaure (D:6)
  Edmund (D:4)
  2 water moccasins (D:8)
  An ice beast (D:6)
  3 sky beasts
  8 necrophages
  4 black bears
  2 ogres
  A kobold brigand (D:7)
  A wyvern zombie (D:7)
  A scorpion (D:5)
  5 killer bees (D:8)
  A howler monkey (D:6)
  4 wights (D:8)
  A centaur zombie (D:5)
  2 centaur skeletons (D:7)
  A jelly (D:6)
  3 hounds
  A bullfrog skeleton (D:5)
  4 iguanas
  Natasha (D:3)
  An orc wizard (D:6)
  2 killer bee zombies (D:7)
  A hound zombie (D:5)
  8 gnolls
  4 adders
  2 shadow imps
  An ufetubus (D:5)
  2 worms
  A dart slug (D:3)
  10 orcs
  8 bats
  A bat zombie (D:4)
  7 endoplasms
  6 goblins
  8 hobgoblins
  6 jackals
  2 quokkas
  3 ball pythons
  3 frilled lizards (D:1)
  7 kobolds
  4 rats
144 creatures vanquished.

Vanquished Creatures (others)
  A bush (D:7)
  10 plants
11 creatures vanquished.

Grand Total: 155 creatures vanquished

Notes
Turn   | Place    | Note
-------+----------+-------------------------------------------
     0 | D:1      | HAL9000 the Vine Stalker Brigand began the quest for the
                  | Orb.
     0 | D:1      | Reached XP level 1. HP: 11/11 MP: 2/2
    23 | D:1      | Reached skill level 5 in Stealth
    23 | D:1      | Reached XP level 2. HP: 13/15 MP: 3/3
   255 | D:1      | Reached skill level 6 in Stealth
   388 | D:1      | Reached XP level 3. HP: 15/18 MP: 4/4
   472 | D:1      | Found a faded altar of an unknown god.
  1739 | D:2      | Gained mutation: Your natural rate of healing is unusually
                  | fast. [Vine Stalker growth]
  1739 | D:2      | Reached XP level 4. HP: 18/23 MP: 5/5
  2155 | D:3      | Noticed Grinder
  2166 | D:3      | Killed Grinder
  2167 | D:3      | Reached skill level 5 in Short Blades
  2167 | D:3      | Reached XP level 5. HP: 25/26 MP: 4/6
  2167 | D:3      | Reached XP level 6. HP: 29/30 MP: 4/7
  2242 | D:3      | Found a burning altar of Makhleb.
  2242 | D:3      | Noticed a cacodemon
  2668 | D:3      | Noticed Natasha
  2679 | D:3      | Killed Natasha
  2896 | D:4      | Noticed a black bear
  2911 | D:4      | Noticed a necrophage
  2940 | D:3      | Killed a black bear
  2941 | D:3      | Reached XP level 7. HP: 16/34 MP: 2/8
  3107 | D:4      | Found an ancient bone altar of Kikubaaqudgha.
  3288 | D:4      | Noticed Edmund
  3518 | D:4      | Killed Edmund
  3738 | D:5      | Entered Level 5 of the Dungeon
  3756 | D:5      | Gained mutation: You have razor-sharp teeth. [Vine Stalker
                  | growth]
  3756 | D:5      | Reached XP level 8. HP: 36/38 MP: 7/9
  3909 | D:5      | Reached skill level 7 in Stealth
  4096 | D:5      | Reached skill level 8 in Stealth
  4703 | D:6      | Reached skill level 9 in Stealth
  4724 | D:6      | Reached skill level 10 in Stealth
  4863 | D:6      | Reached XP level 9. HP: 37/42 MP: 8/10
  4952 | D:6      | Noticed Menkaure
  5042 | D:6      | Found a staircase to the Ecumenical Temple.
  5085 | Temple   | Entered the Ecumenical Temple
  5094 | Temple   | Became a worshipper of Dithmenos the Shadowed
  5365 | D:6      | Killed Menkaure
  5366 | D:6      | Reached skill level 11 in Stealth
  5450 | D:6      | Noticed a deep elf pyromancer
  5453 | D:6      | Killed a deep elf pyromancer
  5454 | D:6      | Reached skill level 12 in Stealth
  5591 | D:6      | Found a runed translucent door.
  5594 | D:6      | Noticed MacCMillion's ghost (novice DrVM)
  5649 | D:7      | Noticed Pikel
  5679 | D:7      | Killed Pikel
  5680 | D:7      | Reached skill level 13 in Stealth
  5721 | D:7      | Learned a level 3 spell: Vampiric Draining
  5826 | D:7      | Reached XP level 10. HP: 46/46 MP: 11/11
  5841 | D:7      | Reached skill level 1 in Necromancy
  6378 | D:7      | Found a blossoming altar of Fedhas.
  6480 | D:7      | Reached * piety under Dithmenos
  6617 | D:8      | Reached skill level 5 in Necromancy
  6663 | D:8      | Found an opulent altar of Gozag.
  6825 | D:8      | Noticed a death knight
  6825 | D:8      | Noticed a phantasmal warrior
  6825 | D:8      | Noticed a skeletal warrior
  6908 | D:8      | Reached skill level 1 in Spellcasting
  6913 | D:8      | Learned a level 4 spell: Animate Dead
  7029 | D:8      | Killed a skeletal warrior
  7253 | D:8      | Learned a level 1 spell: Pain
  7259 | D:8      | Learned a level 5 spell: Agony
  7362 | D:8      | Mangled by a phantasmal warrior

Illustrated notes

Levels and vault maps discovered:
D:1:      heliophobic_arrival_ceremonial_halls, layout_loops_ring,
          ebering_ecumenical_altar_webs, minmay_heptomino_d4
D:2:      minmay_spotlight, layout_loops_ring, serial_forest,
          infiniplex_forest_clump_long, infiniplex_forest_end_1,
          infiniplex_forest_clump_tiny, infiniplex_forest_lined_2,
          infiniplex_forest_pool, infiniplex_forest_corner_1,
          infiniplex_forest_clump_small, infiniplex_forest_lined_room_2
D:3:      layout_basic, makhleb_altar_promises_db, uniq_natasha, uniq_grinder
D:4:      layout_rooms, lemuel_zombie_altar_kikubaaqudgha, kennysheep_dice,
          uniq_edmund
D:5:      layout_gridville, minmay_misc_feat_tower, serial_park_tiny_pond,
          hex_tiny
D:6:      layout_cave_pools, minmay_temple_entry_ruins, ebering_ghost_sewer_d,
          kennysheep_cross_bottleneck, guppyfry_early_elven_hall, uniq_menkaure
D:7:      layout_basic, fedhas_altar_decomposition, uniq_pikel
D:8:      layout_basic, amcnicky_altar_gilded, minivault_12
Temple:   nicolae_temple_no_exploring_needed

Skill      XL: |  1  2  3  4  5  6  7  8  9 10 |
---------------+-------------------------------+-----
Stealth        | 5 6 10 13 | 13.1
Short Blades   | 2 5 6 7 8 9 |  9.1
Necromancy     | 6 |  6.6
Spellcasting   | 3 |  3.3
Fighting       | |  1.7
Throwing       | |  1.7
Dodging        | |  0.7

Action                   |  1- 3 |  4- 6 |  7- 9 | 10-12 || total
-------------------------+-------+-------+-------+-------++-------
Melee: Dagger            |    94 |    72 |   205 |   265 ||   636
       Bite              |    14 |    15 |    66 |    93 ||   188
Throw: Dart              |     1 |    16 |    12 |     2 ||    31
       Javelin           |       |     2 |       |       ||     2
       Throwing net      |       |       |     1 |     1 ||     2
 Cast: Animate Dead      |       |       |       |     1 ||     1
  Use: Potion            |     1 |       |       |       ||     1
       Scroll            |       |       |     5 |     1 ||     6
 Stab: Sleeping          |     9 |     6 |    14 |     6 ||    35
       Distracted        |       |     1 |       |       ||     1
       Held in net/web   |       |       |     1 |     2 ||     3
Armor: Robe              |    17 |    18 |    34 |       ||    69
       Steam dragon scal |       |       |       |    55 ||    55
Dodge: Dodged            |    40 |    37 |    60 |    97 ||   234

Table legend: (Time is in decaauts)
 A = Elapsed time spent in this place.
 B = Non-inter-level travel time spent in this place.
 C = Inter-level travel time spent in this place.
 D = Time resting spent in this place.
 E = Time spent auto-exploring this place.
 F = Levels seen in this place.
 G = Mean time per level.
                   A        B        C        D        E       F      G
               +--------+--------+--------+--------+--------+-----+--------+
         Total |   7184 |   6913 |    271 |    624 |   4844 |   9 |  798.2 |
       Dungeon |   7167 |   6911 |    256 |    624 |   4844 |   8 |  895.9 |
        Temple |     17 |      2 |     15 |      0 |      0 |   1 |   17.0 |
               +--------+--------+--------+--------+--------+-----+--------+

Top non-repeatable levels by time:
     D:2: 1208 daAuts
     D:5: 1073 daAuts
     D:3: 903 daAuts
     D:1: 881 daAuts
     D:7: 838 daAuts
     D:8: 803 daAuts
     D:6: 750 daAuts
     D:4: 708 daAuts
  Temple: 17 daAuts
